 Dungeon Crawl Stone Soup version 0.26.1-11-gd32895ea62 (webtiles) character file.

Game seed: 9140376877286276653

9929 bnorton916 the Fighter (level 11, -15/90 HPs)
             Began as a Formicid Fighter on June 21, 2021.
             Was a High Priest of Okawaru.
             Demolished by a white ugly thing (29 damage)
             ... on level 12 of the Dungeon.
             The game lasted 00:25:10 (14619 turns).

bnorton916 the Fighter (Formicid Fighter)          Turns: 14619, Time: 00:25:11

Health: -15/90     AC:  9    Str: 25    XL:     11   Next: 83%
Magic:  23/25      EV: 17    Int:  7    God:    Okawaru [*****.]
Gold:   814        SH: 13    Dex: 10    Spells: 10/10 levels left

rFire    . . .     SeeInvis +   K - +2 hand axe (freeze)
rCold    . . .     Faith    .   c - +0 kite shield
rNeg     . . .     Spirit   .   A - +3 robe "Geruq" {rElec Slay+3}
rPois    .         Reflect  .   (helmet unavailable)
rElec    +         Harm     .   C - +2 cloak {Will+}
rCorr    .         Rampage  .   (no gloves)
Will     +++..                  (no boots)
Stlth    +++.......             m - amulet of the acrobat
HPRegen  0.25/turn              g - ring of magical power
MPRegen  0.19/turn              L - ring of willpower

@: heroism, studying Unarmed Combat
A: permanent stasis, dig shafts and tunnels, four strong arms, antennae 3
a: Dig, Shaft Self, Renounce Religion, Heroism, Finesse


You were on level 12 of the Dungeon.
You worshipped Okawaru.
Okawaru was extremely pleased with you.
You visited 2 branches of the dungeon, and saw 13 of its levels.

You collected 814 gold pieces.

Inventory:

Hand Weapons
 a - a +0 battleaxe
 s - a +5 whip
 x - a +1 whip of electrocution
 y - a +2 antimagic hand axe
 G - a cursed +7 long sword
 H - a +3 spear of freezing
 K - a +2 hand axe of freezing (weapon)
Missiles
 I - 5 silver javelins
Armour
 b - a +0 scale mail
 c - a +0 kite shield (worn)
 u - a +4 plate armour
 A - the +3 robe "Geruq" (worn) {rElec Slay+3}
   (You found it on level 8 of the Dungeon)

   It affects your accuracy and damage with ranged weapons and melee attacks
   (+3).
   It insulates you from electricity.
 C - a +2 cloak of willpower (worn)
Jewellery
 g - a ring of magical power (left hand)
 l - an uncursed amulet of reflection
 m - an amulet of the acrobat (around neck)
 L - a ring of willpower (right hand)
Wands
 w - a wand of flame (1)
 B - a wand of digging (3)
 D - a wand of acid (1)
 J - a wand of iceblast (4)
 M - a wand of paralysis (8)
Scrolls
 e - a scroll of amnesia
 h - a scroll of enchant weapon {unknown}
 p - 11 scrolls of remove curse
 q - 2 scrolls of fog {unknown}
 z - a scroll of immolation {unknown}
 F - a scroll of vulnerability {unknown}
Potions
 d - 3 potions of might
 f - 2 potions of magic
 i - 2 potions of curing
 j - 3 potions of flight
 k - 3 potions of attraction {unknown}
 n - 3 potions of resistance
 o - a potion of brilliance
 r - 3 potions of degeneration {unknown}
 t - 2 potions of lignification
 E - 2 potions of heal wounds
Books
 v - a manual of Unarmed Combat


   Skills:
 - Level 9.8(14.8) Fighting
 - Level 8.7(13.7) Axes
 - Level 9.0(14.0) Armour
 + Level 5.5(10.5) Dodging
 - Level 9.0(14.0) Shields
 + Level 7.2 Invocations


You had 10 spell levels left.
You didn't know any spells.
Your spell library contained the following spells:

 Spells                   Type           Power        Failure   Level
 Summon Small Mammal      Summ           0%           43%         1
 Call Imp                 Summ           0%           56%         2
 Call Canine Familiar     Summ           0%           80%         3
 Confusing Touch          Hex            0%           80%         3
 Gell's Gravitas          Tloc           0%           80%         3
 Summon Guardian Golem    Hex/Summ       0%           80%         3
 Petrify                  Tmut/Erth      0%           99%         4
 Summon Ice Beast         Ice/Summ       0%           99%         4
 Summon Lightning Spire   Summ/Air       0%           99%         4
 Metabolic Englaciation   Hex/Ice        0%           100%        5
 Yara's Violent Unravell  Hex/Tmut       0%           100%        5


Dungeon Overview and Level Annotations

Branches:
Dungeon (12/15)            Temple (1/1) D:5            Lair (0/6) D:9
    Orc: D:9-12

Altars:
Ashenzari
Cheibriados
Dithmenos
Elyvilon
Fedhas
Gozag
Hepliaklqana
Kikubaaqudgha
Makhleb
Nemelex Xobeh
Okawaru
Qazlal
Ru
Sif Muna
Trog
Uskayaw
Vehumet
Wu Jian
Xom
Yredelemnul
Zin
The Shining One

Shops:
D:10 }


Innate Abilities, Weirdness & Mutations

You cannot be hasted, slowed, berserked, paralysed or teleported.
You can dig through walls and to a lower floor.
Your four strong arms can wield two-handed weapons with a shield.
You have a pair of large antennae on your head. (SInv)


Message History

You slash the white ugly thing! You freeze the white ugly thing.
The white ugly thing is lightly wounded.
You block the white ugly thing's attack.
You hit the white ugly thing.
The white ugly thing is lightly wounded.
You hit the white ugly thing.
The white ugly thing is moderately wounded.
The white ugly thing gores you but does no damage.
You closely miss the white ugly thing.
The white ugly thing is moderately wounded.
The white ugly thing misses you.
You gain the combat prowess of a mighty hero.
The white ugly thing gores you. The white ugly thing freezes you!!
* * * LOW HITPOINT WARNING * * *
You hit the white ugly thing. You freeze the white ugly thing.
The white ugly thing is moderately wounded.
The white ugly thing gores you!
* * * LOW HITPOINT WARNING * * *
The white ugly thing freezes you!!
You die...

{ #
#.
.####
...
#)#
#@#
#u#
#.#
+..
#.##
#..
###


You could see a white ugly thing.

Vanquished Creatures
  3 two-headed ogres
  Pikel (D:7)
  Maurice (D:8)
  Psyche (D:8)
  3 trolls
  A queen bee (D:10)
  A shadow (D:10)
  2 wyverns
  A steam dragon (D:10)
  2 orc warriors (D:8)
  2 ice beasts
  A phantom (D:10)
  A sky beast (D:10)
  3 ogres
  5 centaurs
  2 wolves (D:9)
  A big kobold (D:10)
  4 bullfrogs
  2 wyvern zombies
  A gnoll sergeant (D:9)
  2 water moccasin zombies (D:7)
  3 scorpions
  22 killer bees
  4 electric eels (D:9)
  13 wights
  A howler monkey (D:7)
  A quasit (D:8)
  2 bullfrog zombies
  A centaur zombie (D:9)
  5 hounds
  A centaur skeleton (D:4)
  8 orc priests
  A bullfrog skeleton (D:5)
  4 iguanas
  16 orc wizards
  2 worker ants
  A worker ant zombie (D:8)
  17 gnolls
  A howler monkey skeleton (D:8)
  8 adders
  4 shadow imps
  4 white imps
  3 ufetubi
  2 oozes
  An adder zombie (D:7)
  An adder skeleton (D:6)
  2 worms (D:3)
  A dart slug (D:2)
  3 leopard geckos
  48 orcs
  10 giant cockroaches
  10 goblins
  7 hobgoblins
  7 jackals
  3 quokkas
  A ball python skeleton (D:4)
  17 bats
  7 frilled lizards
  12 kobolds
  13 rats
307 creatures vanquished.

Vanquished Creatures (others)
  A sky beast (D:7)
  2 orcs (D:9)
3 creatures vanquished.

Grand Total: 310 creatures vanquished

Notes
Turn   | Place    | Note
-------+----------+-------------------------------------------
     0 | D:1      | bnorton916 the Formicid Fighter began the quest for the
                  | Orb.
     0 | D:1      | Reached XP level 1. HP: 18/18 MP: 1/1
   109 | D:1      | Reached XP level 2. HP: 22/24 MP: 2/2
   366 | D:1      | Reached XP level 3. HP: 27/29 MP: 3/3
  1234 | D:2      | Reached XP level 4. HP: 37/37 MP: 4/4
  2214 | D:3      | Reached XP level 5. HP: 38/42 MP: 5/5
  2285 | D:3      | HP: 2/42 [gnoll/+0 spear (8)]
  2920 | D:3      | Reached XP level 6. HP: 49/49 MP: 6/6
  3222 | D:3      | Reached skill level 5 in Shields
  3523 | D:3      | Found a blossoming altar of Fedhas.
  3721 | D:3      | You fall into a shaft and drop 3 floors!
  3729 | D:6      | Noticed an ogre
  3765 | D:5      | Entered Level 5 of the Dungeon
  4430 | D:4      | Reached XP level 7. HP: 51/55 MP: 7/7
  4710 | D:4      | Reached skill level 5 in Fighting
  4710 | D:4      | Reached skill level 5 in Armour
  5708 | D:5      | Found a staircase to the Ecumenical Temple.
  5726 | Temple   | Entered the Ecumenical Temple
  5827 | Temple   | Became a worshipper of Warmaster Okawaru
  5964 | D:5      | Found a glowing golden altar of the Shining One.
  6665 | D:6      | Reached XP level 8. HP: 35/64 MP: 8/8
  6975 | D:6      | Noticed a two-headed ogre
  7237 | D:6      | Killed a two-headed ogre
  7237 | D:6      | Reached * piety under Okawaru
  7238 | D:6      | Reached skill level 5 in Axes
  7238 | D:6      | Reached XP level 9. HP: 49/71 MP: 9/9
  7692 | D:7      | Reached ** piety under Okawaru
  8312 | D:7      | Noticed Pikel
  8341 | D:7      | Killed Pikel
  8341 | D:7      | Reached *** piety under Okawaru
  8342 | D:7      | Reached XP level 10. HP: 47/80 MP: 10/10
  9409 | D:8      | Found a broken altar of Ashenzari.
  9410 | D:8      | Got an ominously black robe
  9440 | D:8      | Identified the +3 robe "Geruq" {rElec Slay+3} (You found it
                  | on level 8 of the Dungeon)
  9444 | D:8      | Noticed Maurice
  9457 | D:8      | Killed Maurice
 10083 | D:8      | Reached **** piety under Okawaru
 10227 | D:8      | Found a stormy altar of Qazlal.
 10806 | D:8      | Noticed Psyche
 10810 | D:8      | Killed Psyche
 11111 | D:9      | Reached XP level 11. HP: 77/90 MP: 11/11
 11248 | D:8      | Reached skill level 1 in Invocations
 11445 | D:8      | Received a gift from Okawaru
 11446 | D:8      | Reached skill level 1 in Dodging
 11447 | D:8      | HP: 4/90 [ogre/+0 giant club (30)]
 12361 | D:9      | Noticed a two-headed ogre
 12377 | D:9      | Killed a two-headed ogre
 12519 | D:9      | Reached ***** piety under Okawaru
 12523 | D:9      | Reached skill level 5 in Invocations
 12689 | D:9      | Found a staircase to the Lair.
 12782 | D:9      | You fall into a shaft and drop 1 floor!
 12782 | D:10     | Entered Level 10 of the Dungeon
 12869 | D:10     | Received a gift from Okawaru
 13570 | D:10     | Found Senylucs's Gadget Shop.
 14315 | D:10     | Reached skill level 5 in Dodging
 14607 | D:12     | Noticed a two-headed ogre
 14610 | D:12     | Noticed a white ugly thing
 14613 | D:12     | Killed a two-headed ogre
 14619 | D:12     | Demolished by a white ugly thing

Illustrated notes

Levels and vault maps discovered:
D:1:      elethiomel_arrival_diamonds, layout_basic, serial_corexii_hall,
          chequers_hall_statues_corner_a, corexii_hall_statues_u,
          corexii_hall_statues_i
D:2:      layout_basic
D:3:      minmay_skewed_foursquare, layout_loops_corners,
          cheibrodos_sewer_entry_sluice, fedhas_altar_1
D:4:      layout_basic
D:5:      layout_basic, general_overflow_altar, minmay_temple_entry_proselytizer
D:6:      layout_basic, minmay_manual_monstrance
D:7:      layout_basic, serial_rivers, chequers_serial_rivers_micro_a,
          chequers_serial_rivers_marsh, chequers_serial_rivers_small_b,
          chequers_serial_rivers_small_b, chequers_serial_rivers_small_b,
          uniq_pikel
D:8:      layout_basic, basic_altar, chequers_serial_rivers_large_b,
          nicolae_ashenzari_panopticon, uniq_maurice, uniq_psyche
D:9:      layout_loops_cross, erik_lair_island, serial_rivers,
          chequers_serial_rivers_micro_d, chequers_serial_rivers_micro_d,
          chequers_serial_rivers_micro_d, chequers_serial_rivers_micro_c,
          chequers_serial_rivers_small_b, chequers_serial_rivers_small_a,
          hex_large, minivault_27
D:10:     layout_roguey [special_room_bee], serial_shops, kennysheep_mini
D:11:     layout_rooms
D:12:     layout_loops_corners, erik_orc_3, uniq_kirke
Temple:   kilobyte_greek_temple

Skill      XL: |  1  2  3  4  5  6  7  8  9 10 11 |
---------------+----------------------------------+-----
Shields        | 4 5 6 7 8 9 |  9.0
Fighting       | 4 5 6 7 9 |  9.8
Armour         | 4 5 6 7 9 |  9.0
Axes           | 3 4 5 6 8 |  8.7
Invocations    | 7 |  7.2
Dodging        | 5 |  5.5

Action                   |  1- 3 |  4- 6 |  7- 9 | 10-12 || total
-------------------------+-------+-------+-------+-------++-------
Melee: War axe           |   109 |   228 |    20 |       ||   357
       Whip              |       |       |   254 |   444 ||   698
       Hand axe          |       |       |       |   206 ||   206
Invok: Heroism           |       |       |       |     3 ||     3
 Abil: Dig               |     5 |     8 |    11 |    18 ||    42
Evoke: Wand              |       |       |     5 |     8 ||    13
  Use: Scroll            |       |     6 |     6 |       ||    12
       Potion            |       |       |     1 |     2 ||     3
 Stab: Sleeping          |       |       |       |     1 ||     1
Armor: Scale mail        |    51 |    81 |    43 |    27 ||   202
       Robe              |       |       |       |    79 ||    79
Dodge: Dodged            |    37 |   131 |    81 |   328 ||   577
Block: Kite shield       |    71 |   164 |   136 |   401 ||   772
